 Dungeon Crawl Stone Soup version 0.31-a0-889-g1a8549509d (webtiles) character file.

Game seed: 4469744054786056486

338 Newt the Skirmisher (level 6, -2/40 HPs)
             Began as a Kobold Hunter on Oct 16, 2023.
             Killed by divine providence
             ... invoked by an orc priest
              (15 damage)
             ... on level 4 of the Dungeon.
             The game lasted 00:01:55 (2873 turns).

Newt the Skirmisher (Kobold Hunter)                 Turns: 2873, Time: 00:01:55

Health: -2/40      AC:  3    Str:  8    XL:     6   Next: 85%
Magic:  6/6        EV: 14    Int: 10    God:
Gold:   86         SH:  0    Dex: 21    Spells: 5/5 levels left

rFire   . . .        a - +0 shortbow
rCold   . . .        (shield currently unavailable)
rNeg    . . .        c - +0 leather armour
rPois   .            (no helmet)
rElec   .            (no cloak)
rCorr   .            (no gloves)
SInv    .            (no boots)
Will    .....        (no amulet)
Stlth   +++          (no ring)
HPRegen 0.26/turn    (no ring)
MPRegen 0.10/turn

%: no passive effects
@: no status effects
A: small, no large weapons, nightstalker 3
a: no special abilities


You were on level 4 of the Dungeon.
You visited 1 branch of the dungeon, and saw 4 of its levels.

You collected 86 gold pieces.

Inventory:

Hand Weapons
 a - a +0 shortbow (weapon)
Armour
 c - a +0 leather armour (worn)
Jewellery
 j - a ring of see invisible
 k - a ring of magical power
 l - a ring of flight
Scrolls
 b - a scroll of butterflies
 d - a scroll of teleportation
 e - a scroll of enchant armour
 f - a scroll of revelation
 h - a scroll of vulnerability {unknown}
Potions
 g - a potion of curing
 i - a potion of heal wounds
 m - a potion of lignification {unknown}


   Skills:
 - Level 5.0 Fighting
 + Level 8.4 Ranged Weapons
 - Level 2.4 Dodging
 - Level 1.3 Stealth


You had 5 spell levels left.
You didn't know any spells.
Your spell library was empty.

Dungeon Overview and Level Annotations

Branches:
Dungeon (4/15)
 Temple: D:4-7

Altars:

Shops:
D:3 :*![(


Innate Abilities, Weirdness & Mutations

You are small and have problems with some larger weapons.
You are completely attuned to the shadows.


Message History

The orc priest mumbles some strange prayers to Beogh against you.
Beogh smites you!
You shoot an arrow. The arrow barely misses the orc priest.
The orc priest mumbles some strange prayers to Beogh against you.
Beogh smites you!
* * * LOW HITPOINT WARNING * * *
You are too injured to fight recklessly!
Unknown command.
You feel much better. The orc priest barely misses you.
You shoot an arrow. The arrow hits the orc priest.
The orc priest is heavily wounded.
The orc priest barely misses you.
You shoot an arrow. The arrow hits the orc priest.
The orc priest is severely wounded.
The orc priest mumbles some strange prayers to Beogh against you.
Beogh smites you!
You shoot an arrow. The arrow hits the orc priest.
The orc priest is severely wounded.
The orc priest hits you but does no damage.
You shoot an arrow.
The arrow closely misses the orc priest.
The orc priest closely misses you.
You shoot an arrow.
The arrow hits the orc priest but does no damage.
The orc priest is severely wounded.
The orc priest calls down the wrath of Beogh upon you.
Beogh smites you!
You shoot an arrow. The arrow hits the orc priest.
The orc priest is almost dead.
The orc priest completely misses you.
You shoot an arrow.
The arrow closely misses the orc priest.
The orc priest hits you with a +0 whip.
* * * LOW HITPOINT WARNING * * *
An endoplasm comes into view.
You shoot an arrow. The arrow hits the orc priest.
The orc priest is almost dead.
The orc priest invokes the aid of Beogh against you.
Beogh smites you!
You die...

#.# .###
#..! ...!
...#
....#....
#†@..#
...o...#
....[..#
.........
..##.J..#


You could see an orc priest and an endoplasm.

Vanquished Creatures
  Sigmund (D:3)
  A scorpion (D:3)
  An orc priest (D:4)
  3 adders
  A dart slug (D:3)
  4 orcs (D:3)
  A bat (D:2)
  3 endoplasms
  3 giant cockroaches
  A goblin (D:3)
  9 hobgoblins
  4 jackals
  5 ball pythons
  4 frilled lizards
  4 kobolds
  8 rats
53 creatures vanquished.

Notes
Turn   | Place    | Note
-------+----------+-------------------------------------------
     0 | D:1      | Newt the Kobold Hunter began the quest for the Orb.
     0 | D:1      | Reached XP level 1. HP: 12/12 MP: 1/1
    96 | D:1      | Found a faded altar of an unknown god.
   234 | D:1      | Reached XP level 2. HP: 15/18 MP: 2/2
   942 | D:2      | Reached XP level 3. HP: 19/24 MP: 3/3
  1930 | D:3      | Found Qophall's Distillery.
  1976 | D:3      | Reached XP level 4. HP: 30/30 MP: 4/4
  2017 | D:3      | Found Veta Owu's Weapon Emporium.
  2070 | D:3      | Noticed a scorpion
  2078 | D:3      | Killed a scorpion
  2079 | D:3      | Reached skill level 5 in Fighting
  2079 | D:3      | Reached skill level 6 in Ranged Weapons
  2079 | D:3      | Reached XP level 5. HP: 31/35 MP: 5/5
  2083 | D:3      | Noticed Sigmund
  2094 | D:3      | Killed Sigmund
  2095 | D:3      | Reached skill level 8 in Ranged Weapons
  2095 | D:3      | Reached XP level 6. HP: 21/40 MP: 6/6
  2296 | D:3      | Found Wepillos's Antique Armour Shop.
  2646 | D:3      | Found Gothruum's General Store.
  2650 | D:3      | Found Wahucs's Book Emporium.
  2873 | D:4      | Killed from afar by an orc priest

Illustrated notes

Levels and vault maps discovered:
D:1:      nzn_arrival_depleted_hourglass, layout_basic,
          shapermc_ecumenical_altar_starsandcircs
D:2:      layout_basic
D:3:      layout_rooms, serial_shops, nicolae_shop_crystal, shop, shop, shop,
          shop_fountains, minmay_starry_boxes, uniq_sigmund
D:4:      layout_basic, minmay_temple_entry_gardened_gates

Skill      XL: |  1  2  3  4  5 |
---------------+----------------+-----
Fighting       | 3 4 5 |  5.0
Ranged Weapons | 6 8 |  8.4
Dodging        | |  2.4
Stealth        | |  1.3

Action                     |  1- 3 |  4- 6 || total
---------------------------+-------+-------++-------
   Fire: Shortbow          |    83 |    85 ||   168
    Use: Scroll            |     5 |       ||     5
         Potion            |       |     1 ||     1
 Armour: Leather armour    |    18 |    27 ||    45
  Dodge: Dodged            |    19 |    31 ||    50

Table legend: (Time is in decaauts)
 A = Elapsed time spent in this place.
 B = Non-inter-level travel time spent in this place.
 C = Inter-level travel time spent in this place.
 D = Time resting spent in this place.
 E = Time spent auto-exploring this place.
 F = Levels seen in this place.
 G = Mean time per level.
                   A        B        C        D        E       F      G
               +--------+--------+--------+--------+--------+-----+--------+
         Total |   2897 |   2830 |     67 |    238 |   2305 |   4 |  724.2 |
       Dungeon |   2897 |   2830 |     67 |    238 |   2305 |   4 |  724.2 |
               +--------+--------+--------+--------+--------+-----+--------+

Top non-repeatable levels by time:
     D:3: 977 daAuts
     D:2: 960 daAuts
     D:1: 934 daAuts
     D:4: 25 daAuts
